 Dungeon Crawl Stone Soup version 0.29-a0-994-gc5c9f59d18 (webtiles) character file.

Game seed: 15220721523716018010

41 leavemydog the Trooper (level 3, -4/33 HPs)
             Began as a Hill Orc Fighter on Aug 3, 2022.
             Killed from afar by Jessica (7 damage)
             ... with a puff of flame
             ... on level 2 of the Dungeon.
             The game lasted 00:03:28 (866 turns).

leavemydog the Trooper (Hill Orc Fighter)            Turns: 866, Time: 00:03:29

Health: -4/33      AC:  6    Str: 20    XL:     3   Next: 52%
Magic:  3/3        EV:  9    Int:  8    God:
Gold:   76         SH:  4    Dex: 10    Spells: 2/2 levels left

rFire   . . .      SeeInvis .   a - +0 war axe
rCold   . . .      Faith    .   c - +0 buckler
rNeg    . . .      Spirit   .   b - +0 scale mail
rPois   .          Reflect  .   (no helmet)
rElec   .          Harm     .   (no cloak)
rCorr   .          Rampage  .   (no gloves)
Will    .....                   (no boots)
Stlth   ..........              (no amulet)
HPRegen 0.11/turn               (no ring)
MPRegen 0.08/turn               (no ring)

@: mighty
A: no striking features
a: no special abilities


You were on level 2 of the Dungeon.
You visited 1 branch of the dungeon, and saw 2 of its levels.

You collected 76 gold pieces.

Inventory:

Hand Weapons
 a - a +0 war axe (weapon)
Armour
 b - a +0 scale mail (worn)
 c - a +0 buckler (worn)


   Skills:
 + Level 4.0 Fighting
 * Level 4.0 Axes
 + Level 3.5 Armour
 + Level 3.5 Shields


You had 2 spell levels left.
You didn't know any spells.
Your spell library was empty.

Dungeon Overview and Level Annotations

Branches:
Dungeon (2/15)

Altars:

Shops:
D:1 *=

Annotations:
D:2 Jessica


Message History

The ball python hisses angrily.
You hear a shout!
The bat closely misses you. The bat barely misses you.
A goblin comes into view. It is wielding a +0 club.
The bat attacks as you move away! The bat barely misses you.
The goblin shouts!
You hear a shout!
The bat hits you but does no damage. You block the bat's attack.
You closely miss the bat. You hit the ball python.
You kill the ball python!
The bat hits you but does no damage. The bat hits you.
* * * LOW HITPOINT WARNING * * *
You block the bat's attack. The bat hits you but does no damage.
You feel very mighty all of a sudden. The bat hits you but does no damage.
The bat hits you but does no damage. The bat closely misses you.
You miss the bat. You closely miss the goblin. The bat barely misses you.
The bat hits you but does no damage. The goblin hits you but does no damage.
The bat hits you but does no damage.
You hit the goblin.
You kill the goblin!
You barely miss the bat. The bat hits you but does no damage.
You block the bat's attack. The bat barely misses you.
Jessica gestures wildly while chanting.
Jessica blinks!
You slash the bat!
You kill the bat!
Jessica mumbles some strange words.
Jessica blinks!
Things that are here:
a +0 club; a ball python corpse A kobold comes into view.
It is wielding a +0 whip.
The kobold shouts!
You block the kobold's attack. The kobold closely misses you.
The kobold hits you but does no damage.
You closely miss the kobold. The kobold hits you with a +0 whip.
* * * LOW HITPOINT WARNING * * *
You slash the kobold!
You kill the kobold!
Jessica zaps a wand.
The puff of flame hits you!
You die...

,,,,,,,,,,* #....).†.......§.#
*********.######@##############.#
,,,,,,,,,........# #.#
*******,,.######.## #.# ****,,,*
#.#..## #.# *,,,,,,* #.....# #.#
*,**,,,* #.#...# #.# *,**,,,*
#.#.).# #.# *,****** #,#@#.#* #.#
*,* *,#.#..# #.# ****,* *,#.#..#*
#.# *,,,,* *,#.#...* #.#
*,,,,*********,#.#,#.#********#.#
*,,,,,,,,,,,,,,#.#,,..,,,,,,,,#.#
***************#.#***,*******,#.#
,,,,,,,,,,,,,,,..#**#.#######.#†#
,,,,,,,,,,,,,,,,,,,,,..........@.


You could see Jessica.

Vanquished Creatures
  A dart slug (D:1)
  3 endoplasms (D:1)
  A giant cockroach (D:2)
  3 goblins
  5 hobgoblins
  3 jackals (D:1)
  2 quokkas (D:1)
  6 ball pythons
  3 bats
  3 frilled lizards
  4 kobolds
  2 rats (D:1)
36 creatures vanquished.

Notes
Turn   | Place    | Note
-------+----------+-------------------------------------------
     0 | D:1      | leavemydog the Hill Orc Fighter began the quest for the
                  | Orb.
     0 | D:1      | Reached XP level 1. HP: 19/19 MP: 1/1
   132 | D:1      | Found Ragowoor's One-of-a-Kind Rings.
   141 | D:1      | Reached XP level 2. HP: 22/27 MP: 2/2
   416 | D:1      | Reached XP level 3. HP: 33/33 MP: 3/3
   498 | D:1      | Found Rireham's Assorted Antiques.
   813 | D:2      | Noticed Jessica
   866 | D:2      | Killed from afar by Jessica

Illustrated notes

Levels and vault maps discovered:
D:1:      psy_arrival_radial02, layout_rooms, serial_shops,
          nicolae_shop_behind_doors, nicolae_shop_unique_rings
D:2:      layout_basic, uniq_jessica

Skill      XL: |  1  2  3 |
---------------+----------+-----
Axes           | 3 4 |  4.0
Fighting       | 4 |  4.0
Armour         | |  3.5
Shields        | |  3.5

Action                   || total
-------------------------++-------
Melee: War axe           ||    88
  Use: Scroll            ||     2
       Potion            ||     1
Armor: Scale mail        ||    76
Dodge: Dodged            ||    63
Block: Buckler           ||    29

Table legend: (Time is in decaauts)
 A = Elapsed time spent in this place.
 B = Non-inter-level travel time spent in this place.
 C = Inter-level travel time spent in this place.
 D = Time resting spent in this place.
 E = Time spent auto-exploring this place.
 F = Levels seen in this place.
 G = Mean time per level.
                   A        B        C        D        E       F      G
               +--------+--------+--------+--------+--------+-----+--------+
         Total |    909 |    891 |     18 |      0 |    637 |   2 |  454.5 |
       Dungeon |    909 |    891 |     18 |      0 |    637 |   2 |  454.5 |
               +--------+--------+--------+--------+--------+-----+--------+

Top non-repeatable levels by time:
     D:1: 673 daAuts
     D:2: 236 daAuts
